 Dungeon Crawl Stone Soup version 0.23.2-40-g277498a001 (webtiles) character file.

Game seed: 18145029760661255143

58706 Amplified the Thaumaturge (level 14, -4/126 HPs)
             Began as a White Draconian Conjurer on Oct 16, 2019.
             Was a High Priest of Vehumet.
             Slain by a spatial maelstrom (6 damage)
             ... on level 2 of the Abyss on Oct 17, 2019.
             The game lasted 01:11:12 (31176 turns).

Amplified the Thaumaturge (DrCj)                   Turns: 31176, Time: 01:11:13

Health: -4/126     AC: 19    Str: 11 (13) XL:     14   Next: 50%
Magic:  40/40      EV: 14    Int: 20 (21) God:    Vehumet [*****.]
Gold:   1605       SH:  0    Dex: 10      Spells: 4/39 levels left

rFire    . . .     SeeInvis .   y - +6 dagger "Kahauloe" {flame, rElec MP+9 Str-2}
rCold    + . .     Gourm    .   (no shield)
rNeg     . . .     Faith    +   (armour unavailable)
rPois    .         Spirit   .   g - +2 hat
rElec    +         Reflect  .   l - +2 cloak
rCorr    .         Harm     .   i - +2 pair of gloves
MR       ++...                  c - +2 pair of boots
Stlth    ++........             f - amulet of faith
HPRegen  0.00/turn              N - +4 ring of strength
MPRegen  0.27/turn              E - +5 ring of intelligence

@: about to teleport, non-regenerating, diseased, hasted, lightly drained, very
quick
A: breathe frost, unfitting armour, agile 1, [clumsy 2], cold resistance 1,
[deterioration 2], [dopey 2], magic resistance 1, cold-blooded, AC +8
a: Breathe Frost, Renounce Religion


You were on level 2 of the Abyss.
You worshipped Vehumet.
Vehumet was extremely pleased with you.
You were not hungry.

You visited 4 branches of the dungeon, and saw 24 of its levels.
You visited the Abyss 1 time.

You collected 1605 gold pieces.

Inventory:

Hand Weapons
 m - a +2 shortbow of freezing
 y - the +6 dagger "Kahauloe" (weapon) {flame, rElec MP+9 Str-2}
   (You found it on level 8 of the Dungeon)

   It has been specially enchanted to burn those struck by it, causing extra
   injury to most foes and up to half again as much damage against particularly
   susceptible opponents.
   It affects your strength (-2).
   It insulates you from electricity.
   It affects your magic capacity (+9).
Missiles
 u - 557 arrows
Armour
 c - a +2 pair of boots (worn)
 e - a scarf of spirit shield
 g - a +2 hat (worn)
 i - a +2 pair of gloves (worn)
 l - a +2 cloak (worn)
Magical Staves
 C - an uncursed staff of power
Jewellery
 f - an amulet of faith (around neck)
 o - an uncursed amulet of harm
 r - a cursed ring of protection from magic {unknown}
 z - an uncursed ring of ice
 B - a +2 ring of protection
 E - a +5 ring of intelligence (right hand)
 J - an uncursed ring of ice
 K - the ring of Kogumme {*Corrode rElec Int+2 SInv Stlth-}
   (You found it on level 5 of the Lair of Beasts)

   [ring of attention]

   It affects your intelligence (+2).
   It insulates you from electricity.
   It lets you see invisible.
   It may corrode you when you take damage.
   It makes you less stealthy.
 N - a +4 ring of strength (left hand)
Wands
 k - a wand of flame (47)
 p - a wand of enslavement (4)
 s - a wand of random effects (35)
 v - a wand of digging (5)
 w - a wand of clouds (5)
 A - a wand of paralysis (1)
 I - a wand of polymorph (5)
Scrolls
 a - 3 scrolls of remove curse
 d - 2 scrolls of amnesia
 h - 4 scrolls of identify
 n - 2 scrolls of enchant armour
 G - a scroll of fear
Potions
 j - 3 potions of mutation
 x - a potion of brilliance
 F - a potion of flight
 M - a potion of agility
Comestibles
 b - 31 rations


   Skills:
 + Level 12.1(11.8) Fighting
 - Level 5.6(5.3) Dodging
 - Level 2.0(1.7) Stealth
 * Level 13.0(12.6) Spellcasting
 - Level 11.2(10.9) Conjurations
 * Level 6.7(6.4) Necromancy
 - Level 4.6(4.3) Translocations
 * Level 11.5(11.1) Ice Magic
 - Level 6.0(5.7) Air Magic


You had 4 spell levels left.
You knew the following spells:

 Your Spells              Type           Power        Failure   Level  Hunger
a - Conjure Ball Lightni  Conj/Air       #####.....   7%          6    #####..
b - Force Lance           Conj/Tloc      #####...     1%          4    None
d - Confusing Touch       Hex            ##....       5%          1    None
e - Bolt of Cold          Conj/Ice       ######....   2%          6    #####..
f - Freezing Cloud        Conj/Ice/Air   #####.....   5%          6    #####..
g - Ozocubu's Refrigerat  Ice            ######....   2%          6    #####..
h - Simulacrum            Ice/Necr       #####.....   22%         6    #####..

Your spell library contained the following spells:

 Spells                   Type           Power        Failure   Level  Hunger
 Lightning Bolt           Conj/Air       #####.....   1%          5    ####...
 Flame Tongue             Conj/Fire      ####.        1%          1    None
 Magic Dart               Conj           ####         1%          1    None
 Searing Ray              Conj           ######       1%          2    None
 Dazzling Spray           Conj/Hex       ####..       1%          3    None
 Fulminant Prism          Conj/Hex       ####......   1%          4    None
 Iskenderun's Mystic Bla  Conj           ######..     1%          4    None
 Gell's Gravitas          Tloc           ####......   2%          3    None
 Shroud of Golubria       Chrm/Tloc      ###.......   3%          2    None
 Regeneration             Chrm/Necr      ####......   4%          3    None
 Infusion                 Chrm           ##..         5%          1    None
 Summon Small Mammal      Summ           ##..         5%          1    None
 Ice Form                 Ice/Tmut       #####...     5%          4    None
 Summon Ice Beast         Ice/Summ       #####...     5%          4    None
 Call Imp                 Summ           ##......     8%          2    None
 Song of Slaying          Chrm           ##......     8%          2    None
 Call Canine Familiar     Summ           ##......     16%         3    None
 Confuse                  Hex            ##......     16%         3    None
 Spectral Weapon          Hex/Chrm       ##......     16%         3    None
 Summon Guardian Golem    Hex/Summ       ##......     16%         3    None
 Summon Lightning Spire   Summ/Air       ###.....     16%         4    None
 Cause Fear               Hex            ##........   45%         4    None
 Leda's Liquefaction      Hex/Erth       ##........   45%         4    None
 Petrify                  Tmut/Erth      ##......     45%         4    None
 Bolt of Magma            Conj/Fire/Erth ####......   9%          5    ####...
 Metabolic Englaciation   Hex/Ice        #####.....   14%         5    ####...
 Bolt of Fire             Conj/Fire      ####......   22%         6    #####..
 Yara's Violent Unravell  Hex/Tmut       ##........   34%         5    ####...
 Borgnjor's Vile Clutch   Necr/Erth      ####......   36%         5    ####...
 Excruciating Wounds      Chrm/Necr      ####......   36%         5    ####...
 Silence                  Hex/Air        ###.......   41%         5    ####...
 Deflect Missiles         Chrm/Air       ###.......   94%         6    #####..
 Dragon Form              Tmut           ##........   100%        7    #######
 Dragon's Call            Summ           ##........   100%        9    #######
 Tornado                  Air            #####.....   100%        9    #######


Dungeon Overview and Level Annotations

Branches:
Dungeon (15/15)            Temple (1/1) D:6            Lair (6/6) D:11
 Shoals (0/4) Lair:4       Spider (0/4) Lair:2        Slime (0/5) Lair:6
    Orc (2/2) D:11
    Elf: Orc:2       Vaults: D:13-14     Depths: D:15

Altars:
Ashenzari
Cheibriados
Dithmenos
Elyvilon
Fedhas
Gozag
Hepliaklqana
Kikubaaqudgha
Makhleb
Nemelex Xobeh
Okawaru
Qazlal
Ru
Sif Muna
Trog
Uskayaw
Vehumet
Xom
Yredelemnul
Zin
The Shining One
Beogh

Shops:
Orc:2 !=

Annotations:
D:5 1 runed translucent door, KrisU's ghost, amateur SpCj
D:9 exclusions: ice statue and orange crystal statue
D:11 Invisibles
Lair:5 Middle stairs for safe landing
Orc:2 Erolcha; Snorg


Innate Abilities, Weirdness & Mutations

You can breathe waves of freezing cold.
You can buffet flying creatures when you breathe cold.
Your icy white scales are hard. (AC +8)
You cannot fit into any form of body armour.
Your flesh is cold resistant. (rC+)
You are cold-blooded and may be slowed by cold attacks.
You are agile. (Dex +2)
You are resistant to hostile enchantments. (MR+)
[You are very clumsy. (Dex -4)]
[Your body often deteriorates upon taking damage.]
[You are very dopey. (Int -4)]


Message History

You feel ill.
A small abomination comes into view.
The spatial maelstrom hits you but does no damage.
The spatial maelstrom completely misses you.
You enter the shallow water.
Moving in this stuff is going to be slow.
You feel ill.
The spatial maelstrom barely misses you.
The spatial maelstrom hits you!
* * * LOW HITPOINT WARNING * * *
Space warps horribly around you!
* * * LOW HITPOINT WARNING * * *
Okay, then.
You enter the shallow water.
Moving in this stuff is going to be slow.
A starcursed mass splits.
A spatial vortex comes into view.
Unknown command.
The spatial maelstrom misses you. The spatial maelstrom hits you.
You die...

##.X.≈.#..##.§.#
#(##X≈##..§.###
#...≈..#.....#
#...≈....#.#.#
###..#...#X.##
#...##...#....
##v≈.x##.#...#.
#.v###.#..... .
#@≈.# # ......
#.≈≈# #...#..
#....≈. ##.
..#..#≈≈. ..
#.#..## #. .#
§.. .. #§.≈ ..
.#.


You could see a starcursed mass, a spatial maelstrom, a spatial vortex
(wandering) and an ancient zyme.

Vanquished Creatures
  An acid blob (shapeshifter) (D:14)
  2 entropy weavers (Lair:5)
  Nessos (Orc:2)
  4 hydras
  Fannar (Orc:1)
  3 centaur warriors
  3 two-headed ogres
  A queen ant (Lair:5)
  6 death yaks (Lair:4)
  Urug (Orc:1)
  A vampire mage (Abyss:2)
  A deep elf knight (D:14)
  An orc knight (D:11)
  7 orc sorcerers
  3 manticores
  4 cyclopes
  3 black mambas
  A smoke demon (Abyss:2)
  7 elephants
  2 gargoyles
  7 spiny frogs
  A rime drake (Lair:3)
  An efreet (D:14)
  2 polar bears (Lair:3)
  A troll (D:10)
  3 meliai (D:14)
  12 slime creatures
  2 hornets
  3 blink frogs (Lair:2)
  A raiju (shapeshifter) (D:15)
  A dream sheep (shapeshifter) (D:15)
  6 hippogriffs
  3 redbacks (Lair:2)
  A shadow (D:11)
  2 spriggans
  11 yaks
  A basilisk (Lair:1)
  A human (shapeshifter) (D:15)
  2 wyverns
  A hungry ghost (D:15)
  5 soldier ants (Lair:5)
  Menkaure (D:4)
  6 wargs (Orc:2)
  An acid dragon (D:13)
  7 porcupines
  6 water moccasins
  3 ice beasts
  5 black bears
  14 orc warriors
  6 sky beasts
  3 phantoms
  An eye of draining (D:9)
  5 boggarts (D:15)
  28 wolves
  7 necrophages
  14 ogres
  21 centaurs
  10 crocodiles
  2 big kobolds
  Blork the orc (D:4)
  20 bullfrogs
  A wyvern skeleton (D:12)
  5 scorpions
  A scorpion (shapeshifter) (D:15)
  4 wights (D:11)
  An electric eel (Lair:4)
  6 crimson imps
  2 bullfrog zombies
  A centaur zombie (D:11)
  8 hounds
  Crazy Yiuf (D:4)
  4 orc priests
  A bullfrog skeleton (D:4)
  2 jellies
  36 orc wizards
  3 gnoll shamans
  3 iguanas
  5 centaur skeletons
  15 worker ants
  2 killer bee zombies
  A hound zombie (D:8)
  A hound skeleton (D:9)
  A mummy (D:11)
  2 worker ant zombies
  Robin (D:3)
  18 gnolls
  A howler monkey skeleton (D:5)
  13 adders
  4 shadow imps
  An ooze (D:4)
  3 adder skeletons
  A worm (D:3)
  3 dart slugs
  9 leopard geckos
  87 orcs
  A ball python (D:2)
  4 bats
  6 giant cockroaches
  12 goblins
  11 hobgoblins
  4 jackals (D:5)
  3 quokkas
  10 frilled lizards
  14 kobolds
  A quokka zombie (D:6)
  8 rats
  A butterfly (Lair:3)
  3 fungi
  A plant (D:11)
607 creatures vanquished.

Vanquished Creatures (collateral kills)
  2 ugly things
  An ice beast (D:11)
  A necrophage (D:11)
  A water moccasin zombie (D:11)
  An adder (D:11)
  2 fungi (D:11)
8 creatures vanquished.

Vanquished Creatures (others)
  An unseen horror (D:11)
  An ugly thing (D:14)
  22 ball lightnings
  A centaur (D:11)
  An orc wizard (Orc:2)
  39 fungi
  14 plants
  2 withered plants (D:5)
81 creatures vanquished.

Grand Total: 696 creatures vanquished

Notes
Turn   | Place    | Note
-------+----------+-------------------------------------------
     0 | D:1      | Amplified the Draconian Conjurer began the quest for the
                  | Orb.
     0 | D:1      | Reached XP level 1. HP: 14/14 MP: 3/3
   377 | D:1      | Reached XP level 2. HP: 18/20 MP: 3/5
   788 | D:2      | Reached skill level 1 in Fighting
   939 | D:2      | Reached XP level 3. HP: 23/28 MP: 6/6
  1378 | D:3      | Noticed Robin
  1419 | D:4      | Reached XP level 4. HP: 18/37 MP: 6/8
  1574 | D:4      | Gained mutation: You are agile. (Dex +2) [potion of
                  | mutation]
  1574 | D:4      | Gained mutation: You are resistant to hostile enchantments.
                  | (MR+) [potion of mutation]
  1649 | D:3      | Reached skill level 3 in Spellcasting
  1697 | D:3      | Killed Robin
  1848 | D:4      | Reached XP level 5. HP: 4/45 MP: 8/10
  2266 | D:4      | Found a runed translucent door.
  2267 | D:4      | Noticed Crazy Yiuf
  2331 | D:4      | Noticed Menkaure
  3410 | D:4      | Found a bloodstained altar of Trog.
  3411 | D:4      | Noticed Blork the orc
  3432 | D:4      | Killed Blork the orc
  3432 | D:4      | Reached skill level 4 in Spellcasting
  3432 | D:4      | Reached XP level 6. HP: 40/53 MP: 10/12
  3931 | D:4      | Found a stormy altar of Qazlal.
  4073 | D:5      | Entered Level 5 of the Dungeon
  4102 | D:5      | Reached skill level 5 in Fighting
  4474 | D:5      | Reached skill level 5 in Spellcasting
  4474 | D:5      | Your scales start taking on an icy white colour.
  4474 | D:5      | Reached XP level 7. HP: 41/61 MP: 14/14
  4474 | D:5      | Gained mutation: Your flesh is cold resistant. (rC+) [White
                  | Draconian growth]
  4830 | D:4      | Killed Menkaure
  5047 | D:4      | Killed Crazy Yiuf
  5148 | D:5      | Found a runed translucent door.
  5171 | D:5      | Noticed KrisU's ghost (amateur SpCj)
  5711 | D:5      | Found a hide-covered altar of Uskayaw.
  5715 | D:5      | Found a shimmering altar of Xom.
  5728 | D:5      | Reached skill level 6 in Spellcasting
  5730 | D:5      | Found a white marble altar of Elyvilon.
  5730 | D:5      | Found a basalt altar of Yredelemnul.
  5731 | D:5      | Found an iron altar of Okawaru.
  5732 | D:5      | Found a snail-covered altar of Cheibriados.
  5733 | D:5      | Found a burning altar of Makhleb.
  5805 | D:5      | Reached XP level 8. HP: 48/71 MP: 17/17
  6385 | D:6      | Found an opulent altar of Gozag.
  6585 | D:6      | Learned a level 4 spell: Force Lance
  6590 | D:6      | Found an iron altar of Okawaru.
  6726 | D:6      | Identified the Compendium of Boosting Clay
  6746 | D:6      | Found a staircase to the Ecumenical Temple.
  6838 | Temple   | Entered the Ecumenical Temple
  6874 | Temple   | Became a worshipper of Vehumet
  7338 | D:7      | Reached skill level 1 in Translocations
  7542 | D:7      | Reached skill level 7 in Spellcasting
  7695 | D:7      | Reached skill level 5 in Conjurations
  8133 | D:8      | Reached XP level 9. HP: 77/81 MP: 20/20
  8164 | D:8      | Reached * piety under Vehumet
  8164 | D:8      | Offered knowledge of Sandblast by Vehumet.
  8179 | D:8      | Found a shadowy altar of Dithmenos.
  8199 | D:8      | Noticed a two-headed ogre
  8228 | D:8      | Killed a two-headed ogre
  8837 | D:8      | Got an ancient dagger
  8838 | D:8      | Identified the +6 dagger "Kahauloe" {flame, rElec MP+9
                  | Str-2} (You found it on level 8 of the Dungeon)
  9357 | D:9      | Reached skill level 8 in Spellcasting
  9373 | D:9      | Noticed an orange crystal statue
  9726 | D:9      | Noticed an ice statue
  9954 | D:9      | Reached ** piety under Vehumet
  9954 | D:9      | Offered knowledge of Throw Frost by Vehumet.
  9959 | D:9      | Learned a level 2 spell: Throw Frost
  9980 | D:9      | Found a glowing silver altar of Zin.
 10000 | D:9      | Noticed a two-headed ogre
 10019 | D:9      | Killed a two-headed ogre
 10019 | D:9      | Reached XP level 10. HP: 25/90 MP: 22/22
 10416 | D:10     | Entered Level 10 of the Dungeon
 10573 | D:10     | Noticed a gargoyle
 10635 | D:10     | Killed a gargoyle
 10906 | D:10     | Reached skill level 9 in Spellcasting
 10921 | D:10     | Learned a level 1 spell: Confusing Touch
 11446 | D:10     | Paralysed by a hornet for 1 turns
 11473 | D:10     | Paralysed by a hornet for 2 turns
 11874 | D:11     | Killed an unseen horror
 11916 | D:11     | Offered knowledge of Throw Flame by Vehumet.
 12176 | D:11     | Reached *** piety under Vehumet
 12663 | D:11     | Reached skill level 5 in Dodging
 12674 | D:11     | Offered knowledge of Olgreb's Toxic Radiance by Vehumet.
 12699 | D:11     | Noticed a six-headed hydra
 13153 | D:12     | Reached XP level 11. HP: 84/97 MP: 24/24
 13922 | D:13     | Noticed a deep elf knight
 13922 | D:13     | Noticed a vault guard
 13933 | D:13     | Noticed a vault guard
 14042 | D:11     | Found a staircase to the Lair.
 14042 | D:11     | Noticed a purple ugly thing
 14048 | D:11     | Killed a purple ugly thing
 14062 | D:11     | Reached **** piety under Vehumet
 14077 | D:11     | Learned a level 6 spell: Bolt of Cold
 14147 | D:11     | Offered knowledge of Static Discharge by Vehumet.
 14159 | D:11     | Reached skill level 10 in Spellcasting
 14159 | D:11     | Reached skill level 1 in Ice Magic
 14890 | D:11     | Found a staircase to the Orcish Mines.
 15001 | D:11     | Killed a six-headed hydra
 15001 | D:11     | Reached skill level 10 in Fighting
 15098 | Lair:1   | Entered Level 1 of the Lair of Beasts
 15571 | Orc:1    | Entered Level 1 of the Orcish Mines
 15571 | Orc:1    | Noticed an orc knight
 15571 | Orc:1    | Noticed an orc sorcerer
 16327 | Lair:1   | Noticed a spriggan rider
 16402 | D:11     | Killed an orc knight
 16513 | D:11     | Learned a level 6 spell: Freezing Cloud
 16637 | Orc:1    | Noticed a soul eater
 17002 | D:11     | Killed an orc sorcerer
 17045 | Orc:1    | Reached skill level 1 in Air Magic
 17084 | Orc:1    | Noticed Fannar
 17636 | D:11     | Reached skill level 5 in Ice Magic
 18271 | D:13     | Reached skill level 10 in Conjurations
 18410 | D:13     | Learned a level 6 spell: Ozocubu's Refrigeration
 18572 | D:13     | Noticed a centaur warrior
 18600 | D:13     | Killed a centaur warrior
 18600 | D:13     | Reached XP level 12. HP: 39/107 MP: 25/26
 19224 | D:14     | Noticed a centaur warrior
 19471 | D:13     | You fall through a shaft!
 19534 | D:14     | Reached ***** piety under Vehumet
 19534 | D:14     | Offered knowledge of Poison Arrow by Vehumet.
 19536 | D:14     | Noticed a two-headed ogre
 19542 | D:14     | Killed a two-headed ogre
 19571 | D:14     | Reached skill level 11 in Spellcasting
 20066 | D:14     | Noticed an entropy weaver
 20229 | D:15     | Entered Level 15 of the Dungeon
 20505 | D:14     | Noticed an acid blob
 20512 | D:14     | Killed an acid blob
 20611 | D:13     | Killed a centaur warrior
 20754 | D:14     | Noticed a centaur warrior
 20760 | D:14     | Killed a centaur warrior
 20760 | D:14     | Reached skill level 5 in Air Magic
 21729 | D:15     | Noticed a centaur warrior
 21731 | D:15     | Reached XP level 13. HP: 97/115 MP: 28/28
 22685 | Lair:1   | Learned a level 6 spell: Simulacrum
 22868 | Lair:1   | Reached skill level 1 in Necromancy
 24021 | Lair:2   | Found a hole to the Spider Nest.
 24533 | Lair:2   | Offered knowledge of Airstrike by Vehumet.
 25167 | Lair:3   | Reached skill level 12 in Spellcasting
 26260 | Lair:3   | Identified a scroll of acquirement
 26423 | Lair:4   | Reached skill level 10 in Ice Magic
 26947 | Lair:4   | Found a staircase to the Shoals.
 27578 | Lair:5   | Got an ancient steel ring
 27579 | Lair:5   | Reached skill level 5 in Necromancy
 27580 | Lair:5   | Identified the ring of Kogumme {*Corrode rElec Int+2 SInv
                  | Stlth-} (You found it on level 5 of the Lair of Beasts)
 27629 | Lair:5   | Got a crystal quarterstaff
 27630 | Lair:5   | Identified the +2 quarterstaff of Urgency {crush, Str+2
                  | Int+3} (You found it on level 5 of the Lair of Beasts)
 27651 | Lair:5   | Reached XP level 14. HP: 106/125 MP: 30/30
 28200 | Lair:5   | Noticed an entropy weaver
 28201 | Lair:5   | Noticed an entropy weaver
 28204 | Lair:5   | Killed an entropy weaver
 28204 | Lair:5   | Killed an entropy weaver
 28687 | Lair:6   | Entered Level 6 of the Lair of Beasts
 28687 | Lair:6   | Found a staircase to the Slime Pits.
 28947 | Orc:1    | Killed Fannar
 28955 | Orc:1    | Offered knowledge of Conjure Ball Lightning by Vehumet.
 28995 | Orc:1    | Learned a level 6 spell: Conjure Ball Lightning
 29260 | Orc:1    | Noticed Urug
 29267 | Orc:1    | Killed Urug
 29617 | Orc:2    | Entered Level 2 of the Orcish Mines
 29816 | Orc:2    | Offered knowledge of Lightning Bolt by Vehumet.
 30043 | Orc:2    | Found Lopoywah's Jewellery Shoppe.
 30043 | Orc:2    | Found Plog's Distillery.
 30067 | Orc:2    | Found a roughly hewn altar of Beogh.
 30230 | Orc:2    | Noticed Nessos
 30246 | Orc:2    | Killed Nessos
 30254 | Orc:2    | HP: 6/126 [poisoned by Nessos]
 30295 | Orc:2    | Reached skill level 13 in Spellcasting
 30297 | Orc:2    | Noticed Snorg
 30637 | Orc:2    | Found a radiant altar of Vehumet.
 30705 | Orc:2    | Noticed Erolcha
 30720 | Orc:2    | Cast into level 1 of the Abyss (Erolcha)
 30753 | Abyss:1  | Noticed a starcursed mass
 30775 | Abyss:2  | Found a corrupted altar of Lugonu.
 31116 | Abyss:2  | Noticed a white very ugly thing
 31168 | Abyss:2  | Noticed a starcursed mass
 31174 | Abyss:2  | HP: 2/126 [spatial maelstrom (14)]
 31176 | Abyss:2  | Slain by a spatial maelstrom

Skill      XL: |  1  2  3  4  5  6  7  8  9 10 11 12 13 14 |
---------------+-------------------------------------------+-----
Stealth        | 2 |  2.0
Fighting       | 1 2 3 4 5 6 8 9 10 11 12 | 12.1
Spellcasting   | 3 4 5 6 7 8 9 10 11 12 13 | 13.0
Translocations | 2 4 |  4.6
Conjurations   | 5 7 8 10 11 | 11.2
Dodging        | 3 5 |  5.6
Ice Magic      | 5 7 10 11 | 11.5
Air Magic      | 2 5 6 |  6.0
Necromancy     | 5 6 |  6.7

Action                   |  1- 3 |  4- 6 |  7- 9 | 10-12 | 13-15 || total
-------------------------+-------+-------+-------+-------+-------++-------
Melee: Unarmed           |    11 |       |       |       |       ||    11
       Tailslap          |     5 |    34 |    48 |   171 |    94 ||   352
       Dagger            |    55 |   285 |   533 |  1116 |   677 ||  2666
 Fire: Shortbow          |       |       |   212 |    48 |       ||   260
Throw: Stone             |     1 |       |       |       |       ||     1
       Throwing net      |       |       |       |     7 |       ||     7
 Cast: Magic Dart        |    20 |     1 |     1 |       |       ||    22
       Confusing Touch   |       |       |       |   135 |    76 ||   211
       Bolt of Cold      |       |       |       |    53 |    47 ||   100
       Throw Frost       |       |       |       |     1 |       ||     1
       Freezing Cloud    |       |       |       |     5 |    29 ||    34
       Ozocubu's Refrige |       |       |       |       |     8 ||     8
       Conjure Ball Ligh |       |       |       |       |    12 ||    12
 Abil: Breathe Frost     |       |       |     1 |       |       ||     1
Evoke: Wand              |       |       |     8 |    21 |    10 ||    39
  Use: Scroll            |     4 |     8 |     9 |    17 |    19 ||    57
       Potion            |     4 |     4 |     3 |    12 |     7 ||    30
 Stab: Sleeping          |     3 |     4 |       |     3 |     3 ||    13
       Distracted        |       |       |     1 |       |       ||     1
       Confused          |       |       |       |    51 |    37 ||    88
       Held in net/web   |       |       |       |     3 |       ||     3
  Eat: Chunk             |     1 |    11 |    11 |    31 |    38 ||    92
       Ration            |       |       |     2 |    10 |     5 ||    17
Armor: Skin              |    28 |    79 |   298 |   618 |   300 ||  1323
Dodge: Dodged            |    43 |   163 |   409 |  1015 |   467 ||  2097
